[Event "Polish Youth 1st League 2022"]
[Site "Lublin"]
[Date "2022.07.01"]
[Round "7.20"]
[White "Dziewonski, Dariusz"]
[Black "Jendrowiak, Maciej"]
[Result "1-0"]
[ECO "B93"]
[WhiteElo "1976"]
[BlackElo "1713"]
[Annotator "RC"]
[PlyCount "109"]
[EventDate "2022.06.24"]
[EventType "team-tourn"]
[EventCountry "POL"]
[SourceTitle "playchess.com"]
[Source "ChessBase"]
[SourceQuality "1"]
[TimeControl "40/5400+30:1800+30"]

1. e4 c5 2. Nf3 d6 3. d4 cxd4 4. Nxd4 Nf6 5. Nc3 a6 6. f4 Qc7 7. Be2 b5 8. Bf3 Bb7 9. Be3 Nbd7 10. Nd5 Nxd5 11. exd5 Nb6 12. Nb3 Nc4 13. Bd4 Nb6 14. Bf2 Nc4 15. Qd4 Rg8 16. Nd2 g6 17. Nxc4 bxc4 18. c3 Bg7 19. Qb6 Qxb6 20. Bxb6 Rb8 21. Ba7 Ra8 22. Bb6 Rb8 23. Ba7 Ra8 24. Be3 Kd7 25. O-O-O a5 26. g4 a4 27. a3 Ra5 28. Bd4 Bxd4 29. Rxd4 Rc5 30. Rhd1 Ra8 31. Be2 Ba6 32. g5 f5 33. h4 h5 34. gxh6 Rh8 35. h5 Rxh6 36. hxg6 Rxg6 37. Rh1 Rg2 38. Bd1 Bb5 39. Bc2 Rxc2+ 40. Kxc2 Rc8 41. Rh5 Rf8 42. Rh7 Ba6 43. Kd1 Kd8 44. Rd2 Bb7 45. Ke2 Kd7 46. Ke3 Rg8 47. Rf7 Rg3+ 48. Kf2 Rg4 49. Rxf5 Rg7 50. Rg5 Rf7 51. Kg3 Rh7 52. Rh2 Rf7 53. Rh6 Rf8 54. Rh7 Rf6 55. Kf3 1-0

[Event "Polish Youth 1st League 2022"]
[Site "Lublin"]
[Date "2022.07.01"]
[Round "7.21"]
[White "Wierzbicki, Dawid"]
[Black "Maj, Samuel"]
[Result "1/2-1/2"]
[ECO "B40"]
[WhiteElo "1556"]
[BlackElo "1906"]
[Annotator "RC"]
[PlyCount "85"]
[EventDate "2022.06.24"]
[EventType "team-tourn"]
[EventCountry "POL"]
[SourceTitle "playchess.com"]
[Source "ChessBase"]
[SourceQuality "1"]
[TimeControl "40/5400+30:1800+30"]

1. e4 c5 2. Nf3 e6 3. d3 Nc6 4. g3 Nf6 5. Bg2 d5 6. exd5 exd5 7. O-O Be7 8. d4 O-O 9. Be3 Bg4 10. h3 Bxf3 11. Bxf3 Qb6 12. dxc5 Bxc5 13. Bxc5 Qxc5 14. Nd2 Nd4 15. c3 Nxf3+ 16. Qxf3 Rfe8 17. Rfe1 Qb6 18. b4 Qc6 19. c4 Rac8 20. c5 Ne4 21. Nxe4 dxe4 22. Qf5 Re6 23. Rad1 Rce8 24. Qf4 g6 25. Rd4 Kg7 26. Qe3 Qc8 27. Red1 Re5 28. Kg2 Qf5 29. Rd7 R8e7 30. Rd8 Re8 31. R8d4 R8e6 32. a3 Qf6 33. Rd6 h5 34. Rxe6 Rxe6 35. Rd7 Re7 36. Rxe7 Qxe7 37. Qd4+ f6 38. b5 a6 39. a4 axb5 40. axb5 Qe8 41. Qc4 e3 42. Qe2 Qd7 43. fxe3 1/2-1/2

[Event "Polish Youth 1st League 2022"]
[Site "Lublin"]
[Date "2022.07.01"]
[Round "7.22"]
[White "Jamrozik, Maciej"]
[Black "Oles, Mateusz"]
[Result "1/2-1/2"]
[ECO "D86"]
[WhiteElo "1251"]
[BlackElo "1201"]
[Annotator "NA RC"]
[PlyCount "118"]
[EventDate "2022.06.24"]
[EventType "team-tourn"]
[EventCountry "POL"]
[SourceTitle "playchess.com"]
[Source "ChessBase"]
[SourceQuality "1"]
[TimeControl "40/5400+30:1800+30"]

1. d4 Nf6 2. c4 g6 3. Nc3 d5 4. cxd5 Nxd5 5. e4 Nxc3 6. bxc3 Bg7 7. Bc4 c5 8. Ne2 O-O 9. O-O Nc6 10. Be3 e6 11. dxc5 Qa5 12. Qc2 Ne5 13. Bb3 Bd7 14. Rfd1 Bc6 15. Nd4 h6 16. h3 Rfd8 17. Rac1 Rac8 18. Rd2 Be8 19. f4 Nc6 20. f5 exf5 21. exf5 Qxc5 22. fxg6 Nxd4 23. gxf7+ Bxf7 24. cxd4 Qxc2 25. Rcxc2 Rxc2 26. Rxc2 Bxb3 27. axb3 Bxd4 28. Bxd4 Rxd4 29. Rc8+ Kf7 30. Rc7+ Kf6 31. Rxb7 Rd3 32. Rxa7 Rxb3 33. Kh2 Kg5 34. Ra5+ Kg6 35. Rc5 Rd3 36. Rc2 Kg5 37. g3 h5 38. Kg2 Rb3 39. h4+ Kg6 40. Re2 Kf6 41. Kf2 Rc3 42. Rb2 Kg6 43. Rb6+ Kh7 44. Re6 Ra3 45. Re3 Ra4 46. Kf3 Kg6 47. Re4 Ra6 48. Re5 Rf6+ 49. Ke4 Ra6 50. Rg5+ Kh6 51. Rd5 Rg6 52. Kf4 Rg4+ 53. Kf3 Ra4 54. Rd6+ Kh7 55. Re6 Rb4 56. Re4 Rb6 57. Re5 Kg6 58. Kf4 Rb4+ 59. Re4 Rb6 1/2-1/2

[Event "Polish Youth 1st League 2022"]
[Site "Lublin"]
[Date "2022.07.01"]
[Round "7.23"]
[White "Kucharska, Helena"]
[Black "Uliasz, Katarzyna"]
[Result "1/2-1/2"]
[ECO "A49"]
[WhiteElo "1630"]
[BlackElo "1526"]
[Annotator "NA RC"]
[PlyCount "108"]
[EventDate "2022.06.24"]
[EventType "team-tourn"]
[EventCountry "POL"]
[SourceTitle "playchess.com"]
[Source "ChessBase"]
[SourceQuality "1"]
[TimeControl "40/5400+30:1800+30"]

1. d4 Nf6 2. Nf3 g6 3. g3 Bg7 4. Bg2 O-O 5. O-O d6 6. Re1 Nbd7 7. e4 e5 8. a4 exd4 9. Nxd4 Re8 10. Nc3 Nc5 11. Bf4 Nh5 12. Be3 Ne6 13. Qd2 Nf6 14. Rad1 Ng4 15. Nxe6 Bxe6 16. Bd4 Ne5 17. f4 Nc4 18. Qc1 Bg4 19. Rd3 Bd7 20. Bxg7 Kxg7 21. b3 Nb6 22. Rf1 Bc6 23. f5 f6 24. Nd5 Bxd5 25. exd5 Nd7 26. fxg6 hxg6 27. Bh3 Ne5 28. Rd4 Rh8 29. Be6 f5 30. Qd2 Rh5 31. c4 Qf6 32. Rdf4 Rah8 33. h4 Qe7 34. Qc3 Kf8 35. c5 Kg7 36. b4 Re8 37. Re1 Qf6 38. Qe3 Ng4 39. Rxg4 fxg4 40. cxd6 cxd6 41. Qd2 Rf8 42. Rc1 Kh8 43. Bxg4 Rh7 44. Be6 Qf3 45. Qc3+ Rg7 46. Qxf3 Rxf3 47. Kg2 Ra3 48. a5 Rb3 49. Rc4 Re7 50. Rg4 Kh7 51. Rc4 Kg7 52. Kh3 Kf6 53. Re4 Rc7 54. Rf4+ Ke5 1/2-1/2

[Event "Polish Youth 1st League 2022"]
[Site "Lublin"]
[Date "2022.07.01"]
[Round "7.24"]
[White "Tokarz, Gabriela"]
[Black "Seemann, Pola"]
[Result "1-0"]
[ECO "D31"]
[WhiteElo "1469"]
[BlackElo "1777"]
[Annotator "NA RC"]
[PlyCount "79"]
[EventDate "2022.06.24"]
[EventType "team-tourn"]
[EventCountry "POL"]
[SourceTitle "playchess.com"]
[Source "ChessBase"]
[SourceQuality "1"]
[TimeControl "40/5400+30:1800+30"]

1. d4 d5 2. c4 e6 3. Nc3 Be7 4. Nf3 Nf6 5. cxd5 exd5 6. Bg5 h6 7. Bh4 O-O 8. Qc2 c6 9. e3 Re8 10. Bd3 Ne4 11. Bxe7 Qxe7 12. O-O Bf5 13. Rab1 a5 14. a3 Nd7 15. b4 axb4 16. axb4 Ra3 17. Bxe4 dxe4 18. Nd2 b5 19. Ne2 Bg4 20. Ng3 Nf6 21. Qxc6 Bd7 22. Qc5 Qe6 23. Qc1 Ra4 24. Rb2 Qe7 25. Qb1 Bc6 26. Rc1 Rea8 27. Rxc6 Ra1 28. Rc8+ Kh7 29. Rxa8 Rxb1+ 30. Rxb1 Qb7 31. Raa1 h5 32. Ne2 Qc7 33. Rc1 Qd6 34. Rc5 g6 35. Ra7 Nd7 36. Rcc7 Qxb4 37. Rxd7 Qxd2 38. Rxf7+ Kh6 39. Ng3 b4 40. h4 1-0

[Event "Polish Youth 1st League 2022"]
[Site "Lublin"]
[Date "2022.07.01"]
[Round "7.25"]
[White "Klim, Filip"]
[Black "Luczak, Filip"]
[Result "1-0"]
[ECO "B00"]
[WhiteElo "2015"]
[BlackElo "2311"]
[Annotator "TA"]
[PlyCount "99"]
[EventDate "2022.06.24"]
[EventType "team-tourn"]
[EventCountry "POL"]
[SourceTitle "playchess.com"]
[Source "ChessBase"]
[SourceQuality "1"]
[TimeControl "40/5400+30:1800+30"]

1. e4 d6 2. d4 Nd7 3. Nc3 a6 4. f4 b5 5. Nf3 Bb7 6. Bd3 {[%emt 0:04:48] B07: Pirc Defence: Miscellaneous Systems.} c5 7. e5 {[%emt 0:05:17] Inhibits Ngf6.} e6 {[%emt 0:09:27] [#]} 8. f5 $146 {[%emt 0:12:07] Threatens to win with fxe6. The position is equal.} ({Predecessor:} 8. exd6 Bxd6 9. Be4 Qc7 10. Bxb7 Qxb7 11. Qe2 Ngf6 12. dxc5 Bxc5 13. Be3 Rc8 14. O-O {½-½ (34) Malik,J (2300)-Mrva,M (2430) Tatranske Zruby 2018}) 8... dxe5 (8... cxd4 $11 {remains equal.} 9. fxe6 fxe6 10. Nxd4 (10. Bg5 Bxf3 11. Qxf3 Nxe5 $17) 10... Qh4+ 11. Kf1 dxe5) 9. fxe6 $16 fxe6 10. dxe5 {[%emt 0:07:07] Hoping for 0-0.} Qb6 11. Bg5 Be7 (11... Ne7 $16 {might work better.}) 12. Be4 $18 O-O-O 13. Qe2 h6 14. Bd2 {[%emt 0:02:52] White is more active.} c4 (14... g5 $16 {is a better defense.}) 15. a4 Nc5 16. Bxb7+ Kxb7 $2 (16... Nxb7 17. axb5 axb5) 17. axb5 axb5 18. Ne4 $2 (18. Be3 $18) 18... Qc6 $16 19. Nxc5+ (19. Nd6+ $16 Bxd6 20. exd6) 19... Bxc5 $15 20. Be3 Ne7 21. O-O Nf5 22. Bf2 Bxf2+ 23. Qxf2 Qb6 {[%emt 0:00:09] Against Qa7+} 24. c3 Ne3 25. Rfb1 Rhf8 26. b3 cxb3 27. Rxb3 g5 (27... Rf4 $11) 28. Rxb5 Qxb5 $11 29. Qxe3 Qb6 {[%emt 0:00:44] Inhibits Qa7+.} (29... Ra8 $1 $11 {keeps the balance.} 30. Qe4+ Qd5 31. Qh7+ (31. Qb4+ Kc6 $11) 31... Kc8 32. Rxa8+ Qxa8) 30. Nd4 $16 {[%emt 0:00:05] Really sharp!} Rf4 {[%emt 0:00:34] Against Qe4+} 31. Qd3 (31. Qc1 $1 $16 {Strongly threatening Rb1.} Kc7 32. h3) 31... Rfxd4 $11 32. cxd4 Rxd4 $2 {[%emt 0:00:16][%mdl 12288] Endgame KQR-KQR} (32... Qxd4+ $11 {and Black stays safe.} 33. Qxd4 Rxd4) 33. Qf3+ $18 Rd5+ 34. Kh1 Qc6 (34... g4 $142 35. Qf7+ Kb8 36. Qe8+ Rd8) 35. Rb1+ Kc7 36. Qf8 {[%emt 0:00:42] White threatens Qb8+ and mate.} Rd8 {[%emt 0:00:19] Against Qb8+} 37. Qe8 Rd7 $4 (37... Rxe8 38. Rf1 {[#]} Rf8 $3 39. Rb1 Rf2 40. Rg1 g4 41. h3 Rxg2 $3 42. Rxg2 gxh3 43. Kh2 Qxg2#) 38. Qf8 Rd8 39. Qe7+ {[%emt 0:00:30] White mates.} Rd7 40. Qb4 Rd8 41. Qa5+ Kc8 42. Qa7 Qc7 43. Qa6+ Kd7 44. Rb7 Ke8 45. Qa4+ (45. Rxc7 $2 {leads to mate.} Rd1+) 45... Qd7 46. Rxd7 Rxd7 47. h3 Ke7 48. Qc2 Rd5 49. Qh7+ Ke8 50. Qg6+ {[%emt 0:00:12] Weighted Error Value: White=0.56/Black=0.65} 1-0

[Event "Polish Youth 1st League 2022"]
[Site "Lublin"]
[Date "2022.07.01"]
[Round "7.26"]
[White "Bachor, Tomasz"]
[Black "Bartodziej, Bartosz"]
[Result "1/2-1/2"]
[ECO "D71"]
[WhiteElo "1971"]
[BlackElo "1902"]
[Annotator "RC"]
[PlyCount "75"]
[EventDate "2022.06.24"]
[EventType "team-tourn"]
[EventCountry "POL"]
[SourceTitle "playchess.com"]
[Source "ChessBase"]
[SourceQuality "1"]
[TimeControl "40/5400+30:1800+30"]

1. d4 Nf6 2. c4 g6 3. g3 c6 4. Bg2 d5 5. Qa4 dxc4 6. Qxc4 Be6 7. Qa4 Bg7 8. Nc3 O-O 9. Nf3 Nbd7 10. O-O Nb6 11. Qc2 Nfd5 12. Rd1 Nxc3 13. bxc3 h6 14. e4 Nc4 15. Nd2 Nxd2 16. Bxd2 Bc4 17. Rab1 b5 18. Bf1 Bxf1 19. Kxf1 Qd7 20. Be3 a6 21. Kg2 h5 22. h4 Rfc8 23. Qb3 Rd8 24. a4 Qg4 25. f3 Qd7 26. c4 Qa7 27. c5 e6 28. d5 exd5 29. exd5 bxa4 30. Qxa4 cxd5 31. Bg5 Rdc8 32. c6 Qc5 33. Rbc1 Qd6 34. Bf4 Be5 35. Bxe5 Qxe5 36. Qa2 d4 37. Qc4 Ra7 38. Qxd4 1/2-1/2

[Event "Polish Youth 1st League 2022"]
[Site "Lublin"]
[Date "2022.07.01"]
[Round "7.27"]
[White "Nawalaniec, Adam"]
[Black "Cieslak, Patryk"]
[Result "0-1"]
[ECO "B30"]
[WhiteElo "1740"]
[BlackElo "2019"]
[Annotator "NA RC"]
[PlyCount "130"]
[EventDate "2022.06.24"]
[EventType "team-tourn"]
[EventCountry "POL"]
[SourceTitle "playchess.com"]
[Source "ChessBase"]
[SourceQuality "1"]
[TimeControl "40/5400+30:1800+30"]

1. e4 c5 2. Nf3 Nc6 3. d3 g6 4. g3 Bg7 5. Bg2 e5 6. O-O Nge7 7. c3 O-O 8. a3 d6 9. b4 a6 10. Qb3 Be6 11. Qb2 h6 12. a4 cxb4 13. cxb4 Bg4 (13... d5 $15) 14. h3 Bxf3 15. Bxf3 Nd4 16. Bg2 Rc8 17. Na3 Rc3 18. Qd2 Rc7 19. Qd1 d5 20. Bb2 dxe4 21. dxe4 Nec6 22. Bc3 Rd7 23. Nc4 Nb5 24. Qb3 Nxc3 25. Qxc3 Rd3 26. Qb2 Qd4 27. Rfc1 Qxb2 28. Nxb2 Rb3 29. Nc4 Rxb4 30. Rab1 a5 31. Nd6 Rb8 32. Rxb4 axb4 33. Nxb7 Nd4 34. Bf1 Rxb7 35. a5 Bf8 36. a6 Ra7 37. Rc8 Kg7 $19 38. Bc4 Bd6 39. Rd8 Be7 40. Rb8 b3 41. Bxb3 Nxb3 42. Rxb3 Rxa6 43. Rb2 Bc5 44. Kg2 Bd4 45. Rc2 Rb6 46. Rc1 Rb2 47. Rf1 f5 48. exf5 gxf5 49. g4 Kf6 50. gxf5 Kxf5 51. Kg3 Rb3+ 52. Kg2 Kf4 53. h4 Rb2 54. h5 e4 55. Re1 Rxf2+ 56. Kh1 Rf3 57. Kg2 Be5 58. Rc1 Rg3+ 59. Kf1 Kg4 60. Rc4 Kf3 61. Rc3+ e3 62. Rc2 Rh3 63. Rf2+ Ke4 64. Rg2 Rh1+ 65. Ke2 Rh2 0-1

[Event "Polish Youth 1st League 2022"]
[Site "Lublin"]
[Date "2022.07.01"]
[Round "7.28"]
[White "Brzezina, Piotr"]
[Black "Kowalski, Witold"]
[Result "1-0"]
[ECO "B92"]
[WhiteElo "1633"]
[BlackElo "1613"]
[Annotator "NA RC"]
[PlyCount "143"]
[EventDate "2022.06.24"]
[EventType "team-tourn"]
[EventCountry "POL"]
[SourceTitle "playchess.com"]
[Source "ChessBase"]
[SourceQuality "1"]
[TimeControl "40/5400+30:1800+30"]

1. e4 c5 2. Nf3 d6 3. d4 cxd4 4. Nxd4 Nf6 5. Nc3 a6 6. Be2 e5 7. Nb3 Be7 8. O-O O-O 9. Re1 b5 10. a4 b4 11. Nd5 a5 12. Nxf6+ Bxf6 13. Qd5 Ra7 14. Be3 Bb7 15. Qd3 Ra8 16. Red1 Be7 17. c4 Nd7 18. Nd2 Qc7 19. b3 h6 20. Bg4 Nf6 21. Bh3 Rfd8 22. Rac1 Qc6 23. f3 Bc8 24. Bxc8 Raxc8 25. Nf1 Kh7 26. Ng3 g6 27. Nf1 Kg7 28. Qd2 Rh8 29. g4 Qc7 30. Qf2 Nd7 31. Rd5 Rcf8 32. Rcd1 f5 33. c5 Qd8 34. cxd6 Bg5 35. gxf5 gxf5 36. Bxg5 hxg5 37. Qg2 fxe4 38. fxe4 Kg6 39. Ne3 Rf4 40. Ng4 Rh4 41. Nf2 Qb6 42. R5d3 Rhg4 43. Rg3 Rxg3 44. hxg3 Rf6 45. Qf1 Rxd6 46. Rxd6+ Qxd6 47. Qh3 Nf6 48. Qf5+ Kh6 49. Kg2 Qe7 50. Kh2 Qd6 51. Kg1 Qe7 52. Kg2 Qd6 53. Kf3 Qe7 54. Ke2 Qd6 55. Qxf6+ Qxf6 56. Ng4+ Kg6 57. Nxf6 Kxf6 58. Kd3 Ke6 59. Kc4 Kd6 60. Kb5 g4 61. Kxa5 Kc5 62. Ka6 Kd4 63. Kb5 Kc3 64. a5 Kxb3 65. a6 Kc3 66. a7 b3 67. a8=Q b2 68. Qa2 Kc2 69. Kc4 Kc1 70. Kc3 b1=N+ 71. Kd3 Kd1 72. Qxb1# 1-0

[Event "Polish Youth 1st League 2022"]
[Site "Lublin"]
[Date "2022.07.01"]
[Round "7.29"]
[White "Kudlak, Julia"]
[Black "Hertlein, Irena"]
[Result "1-0"]
[ECO "B32"]
[WhiteElo "1654"]
[BlackElo "1873"]
[Annotator "NA RC"]
[PlyCount "77"]
[EventDate "2022.06.24"]
[EventType "team-tourn"]
[EventCountry "POL"]
[SourceTitle "playchess.com"]
[Source "ChessBase"]
[SourceQuality "1"]
[TimeControl "40/5400+30:1800+30"]

1. e4 c5 2. Nf3 Nc6 3. d4 cxd4 4. Nxd4 e5 5. Nb5 d6 6. N1c3 a6 7. Na3 Be7 8. Nd5 Nf6 9. Nxf6+ Bxf6 10. Nc4 O-O 11. c3 Be7 12. Ne3 Be6 13. Bd3 Qd7 14. O-O Rad8 15. Qe2 Bf6 (15... Bg5 $11) 16. f3 g6 17. Bc4 Bg7 18. Rd1 Ne7 19. a4 Kh8 20. b3 f5 21. Ba3 Nc8 22. Ra2 f4 23. Bxe6 Qxe6 24. Nd5 Rf7 25. Rad2 g5 26. Qc4 Qd7 27. Qb4 (27. a5 $16) 27... b5 28. axb5 axb5 29. Kh1 Bf8 $16 30. c4 bxc4 31. bxc4 Na7 32. Qb2 Nc6 33. Nb6 Qc7 34. c5 Rb8 35. Qc3 dxc5 36. Nd7 Rd8 37. Nxe5 Nd4 38. Nxf7+ Qxf7 39. Bxc5 1-0

[Event "Polish Youth 1st League 2022"]
[Site "Lublin"]
[Date "2022.07.01"]
[Round "7.30"]
[White "Duda, Aleksandra"]
[Black "Dzierzgowska, Jagoda"]
[Result "1-0"]
[ECO "C02"]
[WhiteElo "1453"]
[BlackElo "1267"]
[Annotator "NA RC"]
[PlyCount "85"]
[EventDate "2022.06.24"]
[EventType "team-tourn"]
[EventCountry "POL"]
[SourceTitle "playchess.com"]
[Source "ChessBase"]
[SourceQuality "1"]
[TimeControl "40/5400+30:1800+30"]

1. e4 e6 2. d4 d5 3. e5 c5 4. c3 Nc6 5. Nf3 Qb6 6. a3 Bd7 7. b4 cxd4 8. cxd4 a6 9. Nc3 Qd8 10. Bd3 b5 11. Be3 Nge7 12. O-O Nc8 13. Nd2 Nb6 14. f4 Be7 15. f5 Bg5 16. Qe2 Bxe3+ 17. Qxe3 Nc4 18. Nxc4 dxc4 19. fxe6 Bxe6 20. Be4 Ne7 21. Bxa8 Qxa8 22. Ne4 Nf5 23. Rxf5 Bxf5 24. Nd6+ Kd7 25. Nxf5 g6 26. Nd6 Qd5 27. Qe4 Qxe4 28. Nxe4 Ra8 29. a4 Kc6 30. Nc5 Ra7 31. Kf2 bxa4 32. Rxa4 Kb5 33. Ke3 h6 34. Ra5+ Kxb4 35. Rxa6 Rxa6 36. Nxa6+ Kb5 37. Nc5 Kc6 38. Ke4 h5 39. Na4 Kb5 40. Nc3+ Kb4 41. Ne2 Kb5 42. d5 Kb6 43. e6 1-0

[Event "Polish Youth 1st League 2022"]
[Site "Lublin"]
[Date "2022.07.02"]
[Round "8.1"]
[White "Madej, Marek"]
[Black "Luczak, Filip"]
[Result "0-1"]
[ECO "C04"]
[WhiteElo "1978"]
[BlackElo "2311"]
[Annotator "RC"]
[PlyCount "102"]
[EventDate "2022.06.24"]
[EventType "team-tourn"]
[EventCountry "POL"]
[SourceTitle "playchess.com"]
[Source "ChessBase"]
[SourceQuality "1"]
[TimeControl "40/5400+30:1800+30"]

1. e4 e6 2. d4 d5 3. Nd2 Nc6 4. Ngf3 Nf6 5. e5 Nd7 6. c3 f6 7. exf6 Qxf6 8. Bb5 Bd6 9. O-O O-O 10. Nb3 e5 11. Bxc6 bxc6 12. dxe5 Nxe5 13. Nxe5 Qxe5 14. f4 Qe8 15. Bd2 Bf5 16. Qe1 Be4 17. Be3 Qh5 18. Qd2 Rf6 19. g3 Qh3 20. Qf2 g5 21. Nd2 Bd3 22. Rfe1 gxf4 23. gxf4 Raf8 24. Kh1 Bxf4 25. Rg1+ Bg6 26. Bxf4 Rxf4 27. Qg2 Qh4 28. Raf1 Rf2 29. Rxf2 Rxf2 30. Nf3 Rxg2 31. Nxh4 Rxg1+ 32. Kxg1 Be4 33. b4 Kf7 34. Kf2 Ke6 35. Ke3 Ke5 36. a3 a6 37. a4 Bh1 38. a5 Be4 39. Nf3+ Bxf3 40. Kxf3 Kd6 41. Ke3 c5 42. Kd3 cxb4 43. cxb4 Kc6 44. Kd4 Kb5 45. Kxd5 Kxb4 46. Kc6 Kxa5 47. Kc5 Ka4 48. Kc4 a5 49. Kc3 Kb5 50. Kb3 c5 51. Ka3 Kc4 0-1

[Event "Polish Youth 1st League 2022"]
[Site "Lublin"]
[Date "2022.07.02"]
[Round "8.2"]
[White "Bachor, Tomasz"]
[Black "Nowak, Filip"]
[Result "1/2-1/2"]
[ECO "D45"]
[WhiteElo "1971"]
[BlackElo "1819"]
[Annotator "NA RC"]
[PlyCount "61"]
[EventDate "2022.06.24"]
[EventType "team-tourn"]
[EventCountry "POL"]
[SourceTitle "playchess.com"]
[Source "ChessBase"]
[SourceQuality "1"]
[TimeControl "40/5400+30:1800+30"]

1. d4 d5 2. c4 c6 3. Nf3 Nf6 4. Nc3 e6 5. e3 Nbd7 6. Qc2 Be7 7. b3 O-O 8. Bb2 b6 9. Be2 Bb7 10. O-O Rc8 11. Rac1 Qc7 12. Rfd1 Rfd8 13. e4 dxe4 14. Nxe4 Nxe4 15. Qxe4 Nf6 16. Qb1 c5 17. dxc5 Qxc5 18. Rxd8+ Rxd8 19. Bxf6 Bxf6 20. Rd1 Qc7 21. Ne1 Rxd1 22. Qxd1 g6 23. Bf3 Bxf3 24. Nxf3 Qf4 25. Qc2 Qd6 26. Kf1 Kg7 27. h3 h5 $11 28. Ke2 a5 29. Qc1 Kf8 30. Qc2 Kg7 31. Qc1 1/2-1/2

[Event "Polish Youth 1st League 2022"]
[Site "Lublin"]
[Date "2022.07.02"]
[Round "8.3"]
[White "Grot, Blazej"]
[Black "Cieslak, Patryk"]
[Result "0-1"]
[ECO "B67"]
[WhiteElo "1819"]
[BlackElo "2019"]
[Annotator "NA RC"]
[PlyCount "114"]
[EventDate "2022.06.24"]
[EventType "team-tourn"]
[EventCountry "POL"]
[SourceTitle "playchess.com"]
[Source "ChessBase"]
[SourceQuality "1"]
[TimeControl "40/5400+30:1800+30"]

1. e4 c5 2. Nf3 d6 3. d4 cxd4 4. Nxd4 Nf6 5. Nc3 Nc6 6. Bg5 e6 7. Qd2 a6 8. O-O-O Bd7 9. f3 Nxd4 10. Qxd4 Be7 11. g4 h5 12. Be2 b5 13. f4 Bc6 14. gxh5 b4 15. Qxb4 d5 16. Qd4 dxe4 17. Qxd8+ Bxd8 18. Rd6 Bb7 19. Rhd1 Bc7 20. R6d4 Nd5 21. Nxe4 f6 22. Bh4 Bxf4+ 23. Kb1 Be5 24. c4 (24. Ra4 $1 $14 {stays ahead.}) 24... Ne3 25. Nc5 Nxd1 26. Rxd1 Bc6 27. Nxe6 Ke7 28. Bg4 Be4+ 29. Kc1 Rhc8 30. b3 Rab8 31. Re1 Bf3 32. Bxf3 Kxe6 33. Bd5+ Kd6 34. Rd1 Rh8 35. Bf3+ Kc7 36. Rg1 g5 37. hxg6 Rxh4 38. g7 Rxh2 39. g8=Q Rxg8 40. Rxg8 Bb2+ 41. Kb1 Ba3 42. Rg2 Rh3 43. Bd5 Kd6 44. Kc2 a5 45. Rf2 Rh6 46. Kd3 Bc5 {[%emt 0:01:27] [#]} 47. Rf3 (47. Rf5 $1 $16) 47... Ke5 48. Be4 Rh5 49. Bd5 Rh2 50. Be4 Rh5 51. Bd5 f5 52. Rf1 Rh3+ 53. Kc2 Rh2+ 54. Kd3 Bb4 55. Rg1 {[%emt 0:03:15] [#]} Rd2+ $11 56. Ke3 Rxd5 57. Rg8 Rd1 0-1

[Event "Polish Youth 1st League 2022"]
[Site "Lublin"]
[Date "2022.07.02"]
[Round "8.4"]
[White "Brzezina, Piotr"]
[Black "Rozanski, Mateusz"]
[Result "1/2-1/2"]
[ECO "E81"]
[WhiteElo "1633"]
[BlackElo "1720"]
[Annotator "NA RC"]
[PlyCount "77"]
[EventDate "2022.06.24"]
[EventType "team-tourn"]
[EventCountry "POL"]
[SourceTitle "playchess.com"]
[Source "ChessBase"]
[SourceQuality "1"]
[TimeControl "40/5400+30:1800+30"]

1. d4 Nf6 2. c4 g6 3. f3 Bg7 4. e4 d6 5. Nc3 O-O 6. Bg5 Nbd7 7. Qd2 c5 8. d5 Re8 9. Nh3 h5 10. Nf2 Nh7 11. Be3 a6 12. Be2 Ne5 13. h3 e6 14. a4 exd5 15. cxd5 f5 16. O-O Nf6 17. f4 Nf7 18. exf5 gxf5 19. Bd3 h4 20. Rfe1 Nh5 21. Qd1 Ng3 22. Qf3 Qb6 23. Rab1 Bd7 24. Nh1 Rxe3 25. Rxe3 c4 26. Bc2 Re8 27. Rbe1 Bd4 28. Nd1 Bxe3+ 29. Rxe3 Rxe3 30. Qxe3 Qxe3+ 31. Nxe3 Ne2+ 32. Kf1 Nxf4 33. Nxf5 Nxd5 34. Kf2 b5 35. axb5 axb5 36. Nxh4 b4 37. Ng3 b3 38. Be4 Nb6 39. Nhf5 1/2-1/2

[Event "Polish Youth 1st League 2022"]
[Site "Lublin"]
[Date "2022.07.02"]
[Round "8.5"]
[White "Krzyzosiak, Marta"]
[Black "Hertlein, Irena"]
[Result "0-1"]
[ECO "A13"]
[WhiteElo "1666"]
[BlackElo "1873"]
[Annotator "NA RC"]
[PlyCount "66"]
[EventDate "2022.06.24"]
[EventType "team-tourn"]
[EventCountry "POL"]
[SourceTitle "playchess.com"]
[Source "ChessBase"]
[SourceQuality "1"]
[TimeControl "40/5400+30:1800+30"]

1. c4 e6 2. Nc3 d5 3. cxd5 exd5 4. Nf3 c5 5. d4 Nc6 6. Bf4 Nf6 7. e3 c4 8. a3 Be7 9. Be2 O-O 10. O-O Bf5 11. h3 h6 12. b3 Qa5 13. Na4 Rfd8 14. b4 Qa6 15. Nc5 Qb5 16. Na4 Ne4 17. Ne5 Nxe5 18. Bxe5 a5 19. f3 Qxa4 20. fxe4 Qxd1 21. Rfxd1 Bxe4 22. bxa5 Rdc8 23. Bf3 Bxf3 24. gxf3 Rxa5 25. a4 Rca8 26. Rdb1 b5 27. Bc7 Rxa4 28. Rxa4 bxa4 29. e4 dxe4 30. fxe4 a3 31. d5 a2 32. Ra1 Bc5+ 33. Kg2 Bd4 0-1

[Event "Polish Youth 1st League 2022"]
[Site "Lublin"]
[Date "2022.07.02"]
[Round "8.6"]
[White "Duda, Aleksandra"]
[Black "Wieczorek, Maja"]
[Result "1/2-1/2"]
[ECO "A45"]
[WhiteElo "1453"]
[BlackElo "1316"]
[Annotator "NA RC"]
[PlyCount "95"]
[EventDate "2022.06.24"]
[EventType "team-tourn"]
[EventCountry "POL"]
[SourceTitle "playchess.com"]
[Source "ChessBase"]
[SourceQuality "1"]
[TimeControl "40/5400+30:1800+30"]

1. d4 Nf6 2. Bf4 g6 3. Nc3 Bg7 4. e4 O-O 5. Qd2 c6 6. Bh6 b5 7. f3 d5 8. e5 Ne8 9. h4 f6 10. exf6 exf6 11. Bxg7 Nxg7 12. g4 a5 13. h5 g5 14. h6 Ne6 15. Nh3 Qe7 16. O-O-O a4 17. f4 b4 18. Ne2 b3 19. a3 bxc2 20. Qxc2 c5 21. Bg2 Bb7 22. dxc5 Nxc5 23. Bxd5+ Bxd5 24. Rxd5 Ne4 25. Qc4 Kh8 26. fxg5 Nd7 27. Rxd7 Qxd7 28. Qxe4 Rfe8 29. Qf3 Rxe2 30. Qxa8+ Re8 31. Qf3 Rf8 32. gxf6 Qf7 33. Kb1 Rb8 34. Qc3 Kg8 35. g5 Qd5 36. Rc1 Qf5+ 37. Ka1 Rf8 38. f7+ Qxf7 39. Qc4 Qxc4 40. Rxc4 Rf1+ 41. Ka2 Rh1 42. Nf4 Rg1 43. Rc8+ Kf7 44. Rc7+ Kg8 45. Ne6 Re1 46. Rg7+ Kh8 47. Nd8 Ra1+ 48. Kxa1 1/2-1/2